 Dungeon Crawl Stone Soup version 0.31.0-32-g396128a36d (webtiles) character file.

Game seed: 8722500346960722148

47674 Baz the Warrior (level 14, -4/116 HPs)
             Began as a Djinni Fire Elementalist on Apr 16, 2024.
             Was the Champion of Makhleb.
             Killed from afar by an ironbound frostheart (18 damage)
             ... by creeping frost
             ... in an ice cave.
             The game lasted 00:37:42 (17833 turns).

Baz the Warrior (Djinni Fire Elementalist)         Turns: 17833, Time: 00:37:42

Health: -4/116     AC: 12    Str:  9    XL:     14   Next: 82%
Gold:   964        EV: 13    Int: 19    God:    Makhleb [******] SH:  0 Dex: 15

rFire   + + +        h - staff of fire
rCold   + . .        (no shield)
rNeg    . . .        a - +2 leather armour {rC+ rF+}
rPois   ∞            z - +0 helmet
rElec   .            g - +2 cloak
rCorr   .            v - +0 pair of gloves
SInv    +            (boots unavailable)
Will    +....        (no amulet)
Stlth   ++           l - ring of see invisible
HPRegen 0.39/turn    J - ring of ice
MPRegen 0.00/turn

%: infuse magic (-5 HP)
@: flying
A: sickness immunity, fire resistance 2, cold vulnerability 1, float, innate
caster, HP casting, extra vitality 1
a: Renounce Religion, Minor Destruction, Lesser Servant of Makhleb, Major
Destruction, Greater Servant of Makhleb


You were in an ice cave.
You worshipped Makhleb.
Makhleb was exalted by your worship.
You visited 2 branches of the dungeon, and saw 17 of its levels.
You also visited: Ice Cave.

You collected 1072 gold pieces.
You spent 108 gold pieces at shops.

Inventory:

Missiles
 s - 3 throwing nets
Armour
 a - a +2 leather armour of resistance (worn)
 g - a +2 cloak (worn)
 v - a +0 pair of gloves (worn)
 z - a +0 helmet (worn)
 E - +0 acid dragon scales
 P - the +0 helmet of Fashionability {rElec Dex+3 Slay-3 SInv}
   (You found it in an ice cave)

   Dex+3:     It affects your dexterity (+3).
   Slay-3:    It affects your accuracy & damage with ranged weapons and melee
   (-3).
   rElec:     It insulates you from electricity.
   SInv:      It lets you see invisible.
Magical Staves
 h - a staff of fire (weapon)
Jewellery
 l - a ring of see invisible (left hand)
 w - a ring of fire
 J - a ring of ice (right hand)
 M - an amulet of faith
Wands
 j - a wand of roots (15)
 B - a wand of digging (9)
 F - a wand of flame (15)
 K - a wand of paralysis (7)
 O - a wand of mindburst (9)
Scrolls
 b - 4 scrolls of blinking
 d - 2 scrolls of noise {unknown}
 e - 3 scrolls of fog {unknown}
 k - 3 scrolls of enchant armour {unknown}
 n - 2 scrolls of amnesia {unknown}
 p - 7 scrolls of teleportation
 q - 2 scrolls of enchant weapon {unknown}
 r - 2 scrolls of summoning {unknown}
 y - 4 scrolls of poison {unknown}
 C - a scroll of brand weapon {unknown}
 G - 2 scrolls of vulnerability {unknown}
 H - 3 scrolls of fear {unknown}
 N - a scroll of immolation
Potions
 c - 3 potions of heal wounds
 f - a potion of enlightenment
 i - 10 potions of curing {unknown}
 m - 2 potions of mutation
 o - 3 potions of lignification
 t - 2 potions of ambrosia
 u - a potion of brilliance
 A - a potion of might
 I - a potion of berserk rage
 L - a potion of attraction {unknown}
Miscellaneous
 D - a phial of floods


   Skills:
 * Level 16.1 Fighting
 + Level 10.6 Armour
 - Level 5.0 Dodging
 - Level 2.0 Stealth
 * Level 12.3 Spellcasting
 * Level 12.3 Conjurations
 * Level 12.3 Hexes
 * Level 12.3 Summonings
 * Level 12.3 Necromancy
 * Level 12.3 Translocations
 * Level 12.3 Fire Magic
 * Level 12.3 Ice Magic
 * Level 12.3 Air Magic
 * Level 12.3 Earth Magic
 * Level 12.3 Alchemy


You knew the following spells:

 Your Spells              Type           Power      Damage    Failure   Level
a - Foxfire               Conj/Fire      100%       2x1d9     1%          1
b - Scorch                Fire           100%       2d9       1%          2
c - Volatile Blastmotes   Fire/Tloc      100%       2d18      1%          3
d - Inner Flame           Hex/Fire       73%        N/A       1%          3
e - Flame Wave            Conj/Fire      73%        2d16      1%          4
f - Necrotise             Necr           100%       1d9       1%          1
g - Ensorcelled Hibernat  Hex/Ice        100%       N/A       1%          2
h - Lesser Beckoning      Tloc           100%       N/A       1%          2
i - Sticky Flame          Fire/Alch      73%        2d12      1%          4
j - Brom's Barrelling Bo  Conj/Erth      56%        2d7       1%          4
k - Metabolic Englaciati  Hex/Ice        36%        N/A       1%          5
Your spell library was empty.

Dungeon Overview and Level Annotations

Branches:
Dungeon (12/15)            Temple (0/1) D:5            Lair (5/5) D:11
 Shoals (0/4) Lair:2        Snake (0/4) Lair:3        Slime (0/5) Lair:4
    Orc (0/2) D:10          IceCv (1/1)

Altars:
Cheibriados
Dithmenos
Makhleb
Nemelex Xobeh
Qazlal
Ru
Trog
Wu Jian
Jiyva

Shops:
D:2 ?   D:5 *   D:11 :

Annotations:
D:5 3 runed translucent doors, AdnanSaban's ghost, novice GrFi
Lair:2 1 runed translucent door, ripuliukko's ghost, journeyman GrEE
Lair:4 1 runed translucent door, AdnanSaban's ghost, journeyman GrFi


Innate Abilities, Weirdness & Mutations

You are immune to sickness and miasma.
You are immune to poison.
Your flesh is very heat resistant. (rF++)
You are vulnerable to cold. (rC-)
You float through the air rather than walking.
You learn spells naturally, not from books.
Your magical power is your life essence.
You have superior vitality. (+4 MHP)


Message History

Unknown command.
Blink to where?
Press: ? - help, Dir - move target
As you read the scroll of blinking, it crumbles to dust.
Unknown command.
You see here a yak corpse.
Things that are here:
a yak corpse; a yak corpse Unknown command.
Casting: Scorch (safe; 1% risk of failure)
Confirm with . or Enter, or press ? or * to list all spells.
You feel a surge of power!
A cloud of volatile blastmotes flares up around you!
Run!
* * * LOW HITPOINT WARNING * * *
The cloud of blastmotes explodes!
The concussive blast engulfs the death yak!
The death yak is almost dead.
You hear an angry hiss.
Unknown command.
Casting: Volatile Blastmotes (safe; 1% risk of failure)
Confirm with . or Enter, or press ? or * to list all spells.
You feel a surge of power!
Flames lash the death yak but do no damage.
* * * LOW HITPOINT WARNING * * *
Casting: Scorch (safe; 1% risk of failure)
Confirm with . or Enter, or press ? or * to list all spells.
You feel a surge of power!
Flames lash the death yak.
You kill the death yak!
Makhleb accepts your kill.
You feel better.
* * * LOW HITPOINT WARNING * * *
The ironbound frostheart calls freezing cold from the walls.
The frost grips you!! You resist.
* * * LOW HITPOINT WARNING * * *
You are encased in ice.
Unknown command.
The ice encasing you melts away.
The ironbound frostheart calls freezing cold from the walls.
The frost grips you!! You resist.
You die...

#.### ###.○ ### #### ...†####
.§..○○.##.###..#######
.##....##...§°..§.○.#.###..#..#..
#####.......§§§...##.#.####.##..#
###....##...○§☼.. ####...#####..
....########§§§○ ##..p.#...#..##
.####......##..####..######.p###
##...##.....####...### ####
..########...##.@### #
####....###..###..## ####
##...##†..###.###..# ##.††
...#.####...##.#..### #..##
..###.####...#.##...## ##...
.###.###...###.####..# ##..
..####..###≈##.##...### ##. .##
#....##≈≈#.####..## ## ##
##....##≈≈#..###..#


You could see an ironbound frostheart.

Vanquished Creatures
  2 hydras
  A catoblepas (Lair:5)
  4 two-headed ogres
  A boulder beetle (Lair:2)
  11 death yaks
  A skyshark (Lair:1)
  A harpy (shapeshifter) (D:11)
  A deep elf pyromancer (D:12)
  4 ugly things
  4 black mambas
  A gargoyle (D:11)
  An ice statue (IceCv)
  7 cane toads
  An unseen horror (D:12)
  Maggie (D:6)
  3 kobold demonologists
  5 komodo dragons
  Jeremiah (Lair:1)
  3 rime drakes
  3 trolls
  5 polar bears (IceCv)
  A hornet (D:10)
  11 blink frogs
  Grinder (D:5)
  13 dream sheep (Lair:4)
  5 slime creatures (D:12)
  Sigmund (D:3)
  2 shadows
  A wraith (D:12)
  2 wyverns
  Eustachio (D:5)
  55 yaks
  5 steam dragons
  A warg (D:10)
  6 basilisks
  17 water moccasins
  2 acid dragons
  5 black bears
  An ice beast (D:6)
  2 sky beasts
  5 orc warriors
  15 wolves
  3 centaurs
  2 ogres
  3 phantoms
  9 kobold brigands
  Blork the orc (D:6)
  A gnoll sergeant (D:9)
  3 scorpions (D:5)
  10 bullfrogs
  5 killer bees (D:10)
  2 electric eels
  3 howler monkeys
  3 hounds
  8 jellies
  5 orc priests
  2 bombardier beetles
  A gnoll bouda (D:6)
  A sleepcap (D:6)
  2 iguanas
  11 orc wizards
  11 hell rats
  7 gnolls
  8 adders
  2 river rats (D:11)
  A shadow imp (D:6)
  A white imp (D:6)
  4 ufetubi
  6 dart slugs
  4 ribbon worms
  37 orcs
  7 bats
  14 endoplasms
  3 giant cockroaches
  8 goblins
  4 hobgoblins
  6 jackals
  3 quokkas
  6 ball pythons
  4 frilled lizards
  46 kobolds
  6 rats
  A spectral hobgoblin (D:3)
477 creatures vanquished.

Vanquished Creatures (collateral kills)
  14 boulders
  12 foxfires
26 creatures vanquished.

Vanquished Creatures (others)
  13 boulders
  1721 foxfires
1734 creatures vanquished.

Grand Total: 2237 creatures vanquished

Notes
Turn   | Place    | Note
-------+----------+-------------------------------------------
     0 | D:1      | Baz the Djinni Fire Elementalist began the quest for the
                  | Orb.
     0 | D:1      | Baz set off with the following spells memorised: Foxfire,
                  | Scorch, Volatile Blastmotes, Inner Flame, Flame Wave.
     0 | D:1      | Reached XP level 1. HP: 15/15 MP: 0/0
   203 | D:1      | Reached XP level 2. HP: 17/21 MP: 0/0
   467 | D:1      | Reached XP level 3. HP: 19/25 MP: 0/0
   467 | D:1      | Learned a level 1 spell: Necrotise
   971 | D:2      | Found Efravvoz's Magic Scroll Boutique.
   976 | D:2      | Bought a scroll of identify for 24 gold pieces
   976 | D:2      | Bought a scroll of teleportation for 36 gold pieces
  1010 | D:2      | Reached skill level 1 in Fighting
  1291 | D:2      | Reached XP level 4. HP: 31/32 MP: 0/0
  1465 | D:3      | Noticed Sigmund
  1555 | D:3      | Killed Sigmund
  1556 | D:3      | Reached skill level 3 in Fighting
  1556 | D:3      | Reached XP level 5. HP: 34/40 MP: 0/0
  1556 | D:3      | Learned a level 2 spell: Ensorcelled Hibernation
  1556 | D:3      | Reached XP level 6. HP: 40/46 MP: 0/0
  2066 | D:3      | Found a snail-covered altar of Cheibriados.
  2142 | D:3      | Found a faded altar of an unknown god.
  2159 | D:3      | Prayed at the altar of an unknown god.
  2159 | D:3      | Became a worshipper of Makhleb the Destroyer
  2159 | D:3      | Reached * piety under Makhleb
  2304 | D:3      | Reached XP level 7. HP: 50/51 MP: 0/0
  2304 | D:3      | Learned a level 2 spell: Lesser Beckoning
  2684 | D:4      | Reached skill level 4 in Fighting
  2797 | D:4      | Found an ornate altar of the Wu Jian Council.
  2921 | D:4      | Found a stormy altar of Qazlal.
  3419 | D:4      | Reached ** piety under Makhleb
  3539 | D:5      | Entered Level 5 of the Dungeon
  3546 | D:5      | Reached skill level 5 in Fighting
  3546 | D:5      | Reached skill level 5 in Spellcasting
  3546 | D:5      | Reached skill level 5 in Conjurations
  3546 | D:5      | Reached skill level 5 in Hexes
  3546 | D:5      | Reached skill level 5 in Summonings
  3546 | D:5      | Reached skill level 5 in Necromancy
  3546 | D:5      | Reached skill level 5 in Translocations
  3546 | D:5      | Reached skill level 5 in Fire Magic
  3546 | D:5      | Reached skill level 5 in Ice Magic
  3546 | D:5      | Reached skill level 5 in Air Magic
  3546 | D:5      | Reached skill level 5 in Earth Magic
  3546 | D:5      | Reached skill level 5 in Alchemy
  3546 | D:5      | Reached XP level 8. HP: 56/59 MP: 0/0
  3579 | D:5      | Found Jiufe's General Store.
  3582 | D:5      | Bought a potion of brilliance for 48 gold pieces
  3658 | D:5      | Found a staircase to the Ecumenical Temple.
  3784 | D:5      | Noticed Eustachio
  3788 | D:5      | Reached skill level 1 in Armour
  3830 | D:5      | Killed Eustachio
  3831 | D:5      | Reached skill level 5 in Dodging
  3913 | D:5      | Reached skill level 6 in Fighting
  4023 | D:5      | Found a runed translucent gate.
  4023 | D:5      | Found a runed translucent gate.
  4023 | D:5      | Found a runed translucent gate.
  4226 | D:5      | Noticed Grinder
  4233 | D:5      | Killed Grinder
  4234 | D:5      | Reached XP level 9. HP: 64/67 MP: 0/0
  4234 | D:5      | Learned a level 4 spell: Sticky Flame
  4362 | D:5      | Found a bloodstained altar of Trog.
  4521 | D:5      | Noticed AdnanSaban's ghost (novice GrFi)
  4763 | D:6      | Noticed Blork the orc
  4768 | D:6      | Killed Blork the orc
  4914 | D:6      | Reached skill level 7 in Fighting
  5444 | D:6      | Reached *** piety under Makhleb
  5472 | D:6      | Noticed Maggie
  5481 | D:6      | Killed Maggie
  5482 | D:6      | Reached skill level 8 in Fighting
  6331 | D:7      | Reached XP level 10. HP: 76/76 MP: 0/0
  6629 | D:7      | Found a sacrificial altar of Ru.
  7316 | D:8      | Reached skill level 9 in Fighting
  7325 | D:8      | Identified the +3 robe of Ru's Inspiration {rF+ Dex+3 SInv}
  7352 | D:8      | Reached **** piety under Makhleb
  7485 | D:8      | Reached skill level 5 in Armour
  8405 | D:9      | Reached skill level 10 in Fighting
  8514 | D:9      | Found a sparkling altar of Nemelex Xobeh.
  8605 | D:9      | Noticed a two-headed ogre
  8615 | D:9      | Killed a two-headed ogre
  8616 | D:9      | Reached XP level 11. HP: 39/85 MP: 0/0
  8616 | D:9      | Learned a level 4 spell: Brom's Barrelling Boulder
  8953 | D:10     | Entered Level 10 of the Dungeon
  9262 | D:10     | Found a staircase to the Orcish Mines.
  9471 | D:10     | Found a shadowy altar of Dithmenos.
  9738 | D:10     | Reached skill level 11 in Fighting
 10229 | D:11     | Identified the +0 leather armour of the Armadillo {Dex+4}
 10247 | D:11     | a hog changed into a harpy
 10247 | D:11     | Noticed a harpy (shapeshifter)
 10250 | D:11     | Killed a harpy
 10500 | D:11     | Noticed a two-headed ogre
 10508 | D:11     | Killed a two-headed ogre
 10608 | D:11     | Noticed a two-headed ogre
 10657 | D:11     | Reached ***** piety under Makhleb
 10671 | D:11     | Killed a two-headed ogre
 10761 | D:11     | Noticed a white ugly thing
 10765 | D:11     | Reached XP level 12. HP: 83/95 MP: 0/0
 10933 | D:11     | Noticed a death yak
 10934 | D:11     | Noticed a death yak
 10947 | D:11     | Noticed a death yak
 10957 | D:11     | Killed a death yak
 10958 | D:11     | Reached skill level 12 in Fighting
 10965 | D:11     | Killed a death yak
 10965 | D:11     | Killed a death yak
 11115 | D:11     | Found a staircase to the Lair.
 11295 | D:11     | Found Byri Xarch's Book Shoppe.
 11462 | D:12     | Noticed a two-headed ogre
 11471 | D:12     | Killed a two-headed ogre
 11603 | D:12     | Reached skill level 10 in Spellcasting
 11603 | D:12     | Reached skill level 10 in Conjurations
 11603 | D:12     | Reached skill level 10 in Hexes
 11603 | D:12     | Reached skill level 10 in Summonings
 11603 | D:12     | Reached skill level 10 in Necromancy
 11603 | D:12     | Reached skill level 10 in Translocations
 11603 | D:12     | Reached skill level 10 in Fire Magic
 11603 | D:12     | Reached skill level 10 in Ice Magic
 11603 | D:12     | Reached skill level 10 in Air Magic
 11603 | D:12     | Reached skill level 10 in Earth Magic
 11603 | D:12     | Reached skill level 10 in Alchemy
 12113 | D:12     | Reached skill level 13 in Fighting
 12708 | Lair:1   | Entered Level 1 of the Lair of Beasts
 12833 | Lair:1   | Reached XP level 13. HP: 102/103 MP: 0/0
 12833 | Lair:1   | Learned a level 5 spell: Metabolic Englaciation
 12898 | Lair:1   | Noticed Jeremiah
 12907 | Lair:1   | Killed Jeremiah
 13540 | Lair:2   | Reached skill level 14 in Fighting
 13713 | Lair:2   | Found a runed translucent door.
 13715 | Lair:2   | Noticed ripuliukko's ghost (journeyman GrEE)
 13750 | Lair:2   | Found a staircase to the Shoals.
 14812 | Lair:3   | Found a staircase to the Snake Pit.
 15795 | Lair:4   | Found a runed translucent door.
 15796 | Lair:4   | Noticed AdnanSaban's ghost (journeyman GrFi)
 15825 | Lair:4   | Noticed a four-headed hydra
 15852 | Lair:4   | Killed a four-headed hydra
 15923 | Lair:4   | Reached XP level 14. HP: 111/112 MP: 0/0
 15981 | Lair:4   | Reached skill level 15 in Fighting
 16200 | Lair:4   | Reached skill level 10 in Armour
 16403 | Lair:4   | Found a staircase to the Slime Pits.
 16403 | Lair:4   | Found a viscous altar of Jiyva.
 16409 | Lair:4   | Reached ****** piety under Makhleb
 16959 | Lair:5   | Entered Level 5 of the Lair of Beasts
 17071 | Lair:5   | Found a frozen archway.
 17073 | Lair:5   | Identified the +9 broad axe of Vomuuz {freeze, Fly Str+4}
 17101 | IceCv    | Entered an ice cave
 17501 | IceCv    | Reached skill level 16 in Fighting
 17545 | IceCv    | Identified the +0 helmet of Fashionability {rElec Dex+3
                  | Slay-3 SInv}
 17833 | IceCv    | Killed from afar by an ironbound frostheart

Illustrated notes

Levels and vault maps discovered:
D:1:      lightli_arrival_isolated_outpost, layout_basic,
          kennysheep_flooded_box, minmay_cut_off
D:2:      layout_loops_cross, serial_shops, nicolae_shop_trees, feat_on_display
D:3:      layout_basic, cheibrodos_worm_habitat,
          dreamdust_ecumenical_altar_drowned_temple, uniq_sigmund
D:4:      layout_loops_ring, nicolae_qazlal_beasts_of_the_sky,
          nzn_wu_jian_council_hall
D:5:      layout_basic, mainiacjoe_overflow_tiny_flanked,
          minmay_temple_entry_stoned_glass, serial_shops,
          nicolae_shop_tiny_real_fake_doors, gammafunk_ghost_icy,
          minmay_fractal_squares_gapless_5, uniq_grinder, uniq_eustachio
D:6:      minmay_recursive_quarters, layout_layer_cave, uniq_blork_the_orc,
          uniq_maggie
D:7:      layout_loops_ring, hangedman_ru_absence, serial_glass,
          glass_columns_b, glass_columns_b, glass_columns_a
D:8:      layout_loops_ring, hellmonk_sif_muna_bookshelves, nicolae_water_bricks
D:9:      layout_irregular_city, mainiacjoe_overflow_alcove_2
D:10:     layout_loops_corners, grunt_dithmenos_smoke_and_mirrors, david_orc_3,
          minivault_22
D:11:     layout_basic, dpeg_lair_monsters, serial_shops,
          nicolae_shop_hallway_plus
D:12:     layout_stronghold, minmay_starry_boxes
Lair:1:   layout_small_grid, uniq_jeremiah
Lair:2:   layout_cave_pods, elwin_shoals_entry_rocks, gammafunk_ghost_grave
Lair:3:   layout_gridlike, minmay_snake_entry_six_corridors,
          grunt_forest_small_clearing_treed, grunt_megastairs_3
Lair:4:   layout_roguey, nicolae_slime_entry_slimehenge,
          ebering_ghost_inner_flame, nicolae_quartered_pool_little
Lair:5:   grunt_lair_end_beastmaster, layout_loops_ring,
          portal_ice_cave_entry_pillars_2, grunt_forest_small_clearings,
          dreamdust_mushroom_princess, grunt_megastairs_1,
          infiniplex_staircase_pool
IceCv:    ice_cave_caverns_01

Skill      XL: |  1  2  3  4  5  6  7  8  9 10 11 12 13 14 |
---------------+-------------------------------------------+-----
Stealth        | 2 |  2.0
Fighting       | 1 3 5 6 8 10 11 13 14 16 | 16.1
Dodging        | 3 4 5 |  5.0
Spellcasting   | 4 5 6 8 9 10 11 12 | 12.3
Conjurations   | 4 5 6 8 9 10 11 12 | 12.3
Hexes          | 4 5 6 8 9 10 11 12 | 12.3
Summonings     | 4 5 6 8 9 10 11 12 | 12.3
Necromancy     | 4 5 6 8 9 10 11 12 | 12.3
Translocations | 4 5 6 8 9 10 11 12 | 12.3
Fire Magic     | 4 5 6 8 9 10 11 12 | 12.3
Ice Magic      | 4 5 6 8 9 10 11 12 | 12.3
Air Magic      | 4 5 6 8 9 10 11 12 | 12.3
Earth Magic    | 4 5 6 8 9 10 11 12 | 12.3
Alchemy        | 4 5 6 8 9 10 11 12 | 12.3
Armour         | 2 4 5 7 8 9 10 | 10.6

Action                     |  1- 3 |  4- 6 |  7- 9 | 10-12 | 13-15 || total
---------------------------+-------+-------+-------+-------+-------++-------
  Melee: Staff             |       |     1 |     9 |       |     2 ||    12
   Cast: Foxfire           |    83 |    97 |   237 |   279 |   344 ||  1040
         Scorch            |     1 |     6 |    34 |    88 |    94 ||   223
         Flame Wave        |       |       |     4 |    35 |    43 ||    82
         Sticky Flame      |       |       |     4 |    20 |    25 ||    49
         Brom's Barrelling |       |       |       |    25 |     8 ||    33
         Volatile Blastmot |       |       |       |       |     1 ||     1
    Use: Scroll            |     1 |     2 |     3 |       |     7 ||    13
 Armour: Robe              |     3 |     5 |    17 |     7 |       ||    32
         Steam dragon scal |       |       |       |     6 |       ||     6
         Acid dragon scale |       |       |       |    34 |    84 ||   118
         Leather armour    |       |       |       |       |    31 ||    31
  Dodge: Dodged            |     3 |     4 |    38 |    59 |    93 ||   197
